 Dungeon Crawl Stone Soup version 0.23.0 (webtiles) character file.

Game seed: 12797645215380894810

73 Enish the Chopper (level 4, 40/40 HPs)
             Began as a Minotaur Berserker on Feb 17, 2019.
             Was a Believer of Trog.
             Got out of the dungeon alive.
             The game lasted 00:01:07 (1992 turns).

Enish the Chopper (Minotaur Berserker)              Turns: 1992, Time: 00:01:08

Health: 40/40      AC:  6    Str: 23    XL:     4   Next: 8%
Magic:  3/3        EV: 11    Int:  4    God:    Trog [**....]
Gold:   132        SH:  0    Dex:  9    Spells: 3/3 levels left

rFire    + . .     SeeInvis .   a - +0 hand axe
rCold    . . .     Gourm    .   (no shield)
rNeg     . . .     Faith    .   g - +0 scale mail
rPois    .         Spirit   .   (helmet restricted)
rElec    .         Reflect  .   (no cloak)
rCorr    .         Harm     .   (no gloves)
MR       .....                  (no boots)
Stlth    ..........             (no amulet)
HPRegen  0.13/turn              f - ring of protection from fire
MPRegen  0.08/turn              (no ring)

@: no status effects
A: retaliatory headbutt, horns 2
a: Berserk, Trog's Hand, Renounce Religion


You escaped.
You worshipped Trog.
Trog was pleased with you.
You were hungry.

You visited 1 branch of the dungeon, and saw 2 of its levels.

You collected 132 gold pieces.

Inventory:

Hand Weapons
 a - a +0 hand axe (weapon)
Armour
 b - a +0 animal skin
 g - a +0 scale mail (worn)
   (You found it on level 1 of the Dungeon)
Jewellery
 f - a ring of protection from fire (left hand)
   (You found it on level 1 of the Dungeon)
 o - an uncursed ring of protection from fire
   (You found it on level 2 of the Dungeon)
Scrolls
 c - 2 scrolls of remove curse {unknown}
 h - 6 scrolls of fog {unknown}
 i - a scroll of teleportation {unknown}
 k - a scroll of immolation {unknown}
 m - a scroll of amnesia {unknown}
 n - 2 scrolls of identify {unknown}
 r - a scroll of enchant weapon {unknown}
Potions
 d - 2 potions of curing {unknown}
 j - a potion of cancellation {unknown}
 l - a potion of resistance {unknown}
 q - a potion of brilliance {unknown}
Comestibles
 e - 3 rations


   Skills:
 + Level 4.2 Fighting
 + Level 4.3 Axes
 + Level 3.4 Armour
 + Level 3.0 Dodging


You had 3 spell levels left.
You didn't know any spells.
Your spell library was empty.

Dungeon Overview and Level Annotations

Branches:
Dungeon (2/15)

Altars:


Innate Abilities, Weirdness & Mutations

You reflexively headbutt those who attack you in melee.
You have a pair of horns on your head.


Message History

The hobgoblin hits you with a +0 club.
The hobgoblin hits you but does no damage.
The hobgoblin hits you but does no damage.
The hobgoblin closely misses you.
The hobgoblin hits you but does no damage.
The hobgoblin hits you but does no damage.
The hobgoblin closely misses you. You furiously retaliate!
You headbutt the hobgoblin!
You kill the hobgoblin!
Trog accepts your kill.
There is a stone staircase leading up here.
You climb upwards.
You are feeling hungry.
There is a stone staircase leading down here.
You see here 7 bolts.
There is an open door here.
There is a dry fountain here.
There is a staircase leading out of the dungeon here.
Are you sure you want to leave the Dungeon?
This will make you lose the game!
You have escaped!

..####......................####.
..##....#.####.####.####.##...##.
..#..###...##...##...##...###..#.
..#.## #.⌠.##)⌠.##.⌠.##.⌠.# ##.#.
..#.####...##...##...##...####.#.
..#...###.####.####.####.###...#.
..#.⌠.###.####.####.####.###.⌠.#.
..#............................#.
..##.##.........@..........##.##.
#.#............................#.
#(#.⌠.###.####.####.####.###.⌠.#.
#.#...###.####.####.####.###...#.
#.#.####...##...##...##...####.#.
#.#.## #.⌠.##.⌠.##.⌠.##.⌠.# ##.#.
#.#..###...##...##...##...###..#.
#.##...##.####.####.####.##...##.
#.####......................####.


There were no monsters in sight!

Vanquished Creatures
  2 gnolls (D:2)
  A worm (D:2)
  A dart slug (D:1)
  A leopard gecko (D:1)
  5 bats
  3 giant cockroaches
  4 goblins
  7 hobgoblins
  7 jackals (D:2)
  3 kobolds (D:1)
  3 frilled lizards (D:1)
  7 rats
  A bush (D:2)
45 creatures vanquished.

Vanquished Creatures (others)
  A plant (D:2)
1 creature vanquished.

Grand Total: 46 creatures vanquished

Notes
Turn   | Place    | Note
-------+----------+-------------------------------------------
     0 | D:1      | Enish the Minotaur Berserker began the quest for the Orb.
     0 | D:1      | Reached XP level 1. HP: 19/19 MP: 0/0
   459 | D:1      | Reached XP level 2. HP: 27/27 MP: 1/1
   920 | D:1      | Reached ** piety under Trog
  1198 | D:2      | Reached XP level 3. HP: 33/33 MP: 2/2
  1639 | D:2      | Reached XP level 4. HP: 40/40 MP: 3/3
  1672 | D:2      | Found a faded altar of an unknown god.
  1992 | D:$      | Got out of the dungeon alive.

Skill      XL: |  1  2  3 |
---------------+----------+-----
Axes           | 4 |  4.3
Fighting       | 4 |  4.2
Armour         | 3 |  3.4
Dodging        | 3 |  3.0

Action                   |  1- 3 |  4- 6 || total
-------------------------+-------+-------++-------
Melee: Hand axe          |    72 |    71 ||   143
       Headbutt          |    13 |    23 ||    36
Invok: Berserk           |     1 |       ||     1
  Eat: Chunk             |     2 |     2 ||     4
Armor: Animal skin       |     3 |       ||     3
       Scale mail        |     9 |     8 ||    17
Dodge: Dodged            |    63 |     8 ||    71
